 Dungeon Crawl Stone Soup version 0.14.0-7-g2801ba0 (webtiles) character file.

286 HungrySpirit the Chopper (level 5, -1/32 HPs)
             Began as a Gargoyle Fighter on Apr 13, 2014.
             Killed from afar by Sigmund (12 damage)
             ... with a magic dart
             ... on Level 3 of the Dungeon.
             The game lasted 00:04:51 (1765 turns).

HungrySpirit the Chopper (Gargoyle Fighter)         Turns: 1765, Time: 00:04:52

HP  -1/32        AC 10     Str 20      XL: 5   Next: 60%
MP   5/5         EV  6     Int  9      God:
Gold 106         SH 18     Dex  9      Spells:  0 memorised,  4 levels left

rFire  . . .     SeeInvis .     a - +0 war axe
rCold  . . .     Clarity  .     b - +0 scale mail
rNeg   + . .     Conserve .     c - +0 shield
rPois  +         rCorr    .     (no helmet)
rElec  +         rRot     +     (no cloak)
SustAb . .       Spirit   .     (no gloves)
rMut   .         Warding  .     (no boots)
Saprov . . .     Stasis   .     (no amulet)
MR     .....                    (no ring)
                                (no ring)

@: not resistant to hostile enchantments, extremely unstealthy
A: life protection 1, electricity resistance, unbreathing, petrification
resistance, AC +4
a: no special abilities


You were on level 3 of the Dungeon.
You were not hungry.

You visited 1 branch of the dungeon, and saw 3 of its levels.

You collected 106 gold pieces.

Inventory:

Hand weapons
 a - a +0,+0 war axe (weapon)
Armour
 b - a +0 scale mail (worn)
 c - a +0 shield (worn)
Comestibles
 d - 2 bread rations
 f - a pear
 h - 2 meat rations
 v - a slice of pizza
 z - a chunk of quokka flesh
Scrolls
 i - 5 scrolls of identify {unknown}
 m - 3 scrolls of remove curse {unknown}
 n - a scroll of noise {unknown}
 o - a scroll of immolation {unknown}
 p - a scroll of fog {unknown}
 s - a scroll of enchant weapon II {unknown}
 u - a scroll of enchant weapon I {unknown}
Jewellery
 q - an uncursed ring of protection from cold {unknown}
Potions
 e - a potion of curing {unknown}
 g - a potion of degeneration {unknown}
 j - a potion of porridge
 k - a potion of haste {unknown}
 l - a potion of confusion {unknown}
 r - a potion of poison {unknown}
 t - a potion of beneficial mutation {unknown}
 w - a potion of resistance {unknown}
 x - a potion of lignification {unknown}


   Skills:
 - Level 3.2 Fighting
 + Level 5.1 Axes
 - Level 3.2 Armour
 - Level 3.2 Shields


You had 4 spell levels left.
You didn't know any spells.

Dungeon Overview and Level Annotations

Branches:
Dungeon (3/15)

Altars:
Ashenzari

Annotations:
D:3 Sigmund


Innate Abilities, Weirdness & Mutations

You are resistant to torment.
You are immune to poison.
You are immune to rotting.
Your stone body is very resilient (AC +4).
You resist negative energy.
You are resistant to electric shocks.
You can survive without breathing.
You are immune to petrification.


Message History

You block Sigmund's attack.
You closely miss Sigmund.
Sigmund is severely wounded.
Sigmund points at you and mumbles some strange words.
The puff of flame hits you!
You hit Sigmund.
Sigmund is almost dead.
Sigmund casts a spell.
Sigmund's eyes start glowing with a red light.
Sigmund hits you with a runed scythe.
You closely miss Sigmund.
Sigmund is almost dead.
Sigmund gestures wildly while chanting.
Sigmund flickers and vanishes!
Deactivating autopickup; reactivate with Ctrl-A.
Something hits you.
You miss something.
You hear some strange, mumbled words.
The magic dart hits you!
You die...

#####..#.#
#.......#.......
#..#.#
#...............
...#.#
###....##.8..P.#.#
......
..#....##......#.#
#.#....# .8..P.#..
#.#....#....##.#.P
#.#........# ยง
####.#....#...#
#...@...#.#####
#.......#.#
#...?...#..
####.#..###.
#.#.... #.#....#
........ ##..
#.#.... ..... #.#.


There were no monsters in sight!

Vanquished Creatures
  An orc wizard (D:3)
  7 gnolls
  2 adders (D:2)
  3 giant geckos
  5 orcs (D:3)
  A bat skeleton (D:3)
  A giant cockroach (D:2)
  9 hobgoblins
  7 kobolds
  2 quokkas (D:3)
  7 bats
  3 giant newts
  7 goblins
  A hobgoblin zombie (D:3)
  9 rats
65 creatures vanquished.

Notes
Turn   | Place    | Note
--------------------------------------------------------------
     0 | D:1      | HungrySpirit, the Gargoyle Fighter, began the quest for the Orb.
     0 | D:1      | Reached XP level 1. HP: 14/14 MP: 1/1
   132 | D:1      | Reached XP level 2. HP: 19/19 MP: 2/2
   598 | D:1      | Reached XP level 3. HP: 23/23 MP: 3/3
   783 | D:2      | Found a shattered altar of Ashenzari.
   976 | D:2      | Reached XP level 4. HP: 26/28 MP: 4/4
   977 | D:2      | Reached skill level 4 in Axes
  1484 | D:3      | Reached XP level 5. HP: 32/32 MP: 5/5
  1697 | D:3      | Reached skill level 5 in Axes
  1755 | D:3      | Noticed Sigmund
  1765 | D:3      | Killed from afar by Sigmund

Action                   |  1- 3 |  4- 6 || total
-------------------------+-------+-------++-------
Melee: War axe           |   144 |    71 ||   215
  Use: Potion            |     1 |       ||     1
